[Event "Team 45 45 League T72"]
[Site "Internet Chess Club"]
[Date "2017.05.06"]
[Round "8"]
[White "SlimeDog2"]
[Black "laurenpar"]
[Result "1-0"]
[WhiteElo "2071"]
[BlackElo "1924"]
[Opening "Dutch defense"]
[ECO "A90"]
[Time "21:04:47"]
[TimeControl "2700+45"]

1. d4 e6 2. c4 f5 3. g3 Nf6 4. Bg2 d5 5. Nh3 c6 6. Qc2 Bd6 7. O-O O-O 8. Bf4 Be7
9. Nd2 h6 10. Bxb8 Rxb8 11. Nf4 Qe8 12. e3 g5 13. Nd3 g4 14. b4 b6 15. a4 Ba6
16. b5 Bb7 17. Nf4 Bd6 18. Rfc1 Rc8 19. Qa2 Kg7 20. bxc6 Rxc6 21. a5 Rc7 22.
axb6 axb6 23. Qb2 Bxf4 24. gxf4 Nd7 25. cxd5 Rxc1+ 26. Rxc1 Bxd5 27. Bxd5 exd5
28. Qb5 Nf6 29. Qxb6 Rf7 30. Rc6 h5 31. Nb3 h4 32. Nc5 Qa8 33. Qa6 Qb8 34. Rb6
Qe8 35. Ne6+ Kh8 36. Ng5 Rc7 37. Rxf6 h3 38. Rh6+ Kg8 39. Rg6+ Rg7 40. Qe6+ Qxe6
41. Rxg7+ {Black resigns} 1-0

[Event "Team 45 45 League T72"]
[Site "Internet Chess Club"]
[Date "2017.05.05"]
[Round "8"]
[White "cadmiumorange"]
[Black "qs16"]
[Result "1-0"]
[WhiteElo "1786"]
[BlackElo "1633"]
[Opening "Réti: King's Indian attack"]
[ECO "A08"]
[Time "12:01:16"]
[TimeControl "2700+45"]

1. Nf3 d5 2. g3 c5 3. Bg2 Nc6 4. O-O e5 5. d3 Nf6 6. Bg5 Be7 7. Nfd2 O-O 8. Nc3
Be6 9. e4 d4 10. Bxf6 Bxf6 11. Nd5 Bxd5 12. exd5 Nb4 13. Ne4 Nxd5 14. Nxc5 Rb8
15. Qf3 Nb4 16. Nxb7 Qc7 17. a3 Nxc2 18. Rab1 Bg5 19. h4 Bh6 20. Qd5 g6 21. h5
Rfe8 22. hxg6 hxg6 23. Nc5 Rbc8 24. Ne4 Kg7 25. Nd6 Red8 26. Qxe5+ Kg8 27. Nc4
Qxe5 28. Nxe5 Rc7 29. Nc4 Kg7 30. Rfd1 Bg5 31. b4 Rxc4 32. dxc4 Nxa3 33. Bd5 Bf6
34. Ra1 Nc2 35. Rxa7 Rd6 36. Rxf7+ Kh6 37. Kg2 Nxb4 38. f4 Nxd5 39. Rh1+ {Black
resigns} 1-0

[Event "Team 45 45 League T72"]
[Site "Internet Chess Club"]
[Date "2017.05.06"]
[Round "8"]
[White "AVEMARIA"]
[Black "cityprosecutor"]
[Result "1-0"]
[WhiteElo "1728"]
[BlackElo "1710"]
[Opening "Pirc: classical system, 5.Be2"]
[ECO "B08"]
[Time "08:00:40"]
[TimeControl "2700+45"]

1. e4 d6 2. d4 Nf6 3. Nc3 g6 4. Nf3 Bg7 5. Be2 O-O 6. O-O Bg4 7. Re1 Nc6 8. Be3
Nd7 9. Qd2 Re8 10. Rad1 e5 11. d5 Ne7 12. Ng5 Bxe2 13. Qxe2 h6 14. Nh3 f5 15. f3
f4 16. Bd2 Kh7 17. Kh1 Ng8 18. Rg1 Ngf6 19. g4 g5 20. Be1 Rh8 21. Rg2 Kg6 22.
Nf2 Qe7 23. Nb5 Nb6 24. b3 a6 25. Na3 Rh7 26. c4 Nbd7 27. Nb1 Rah8 28. h4 h5 29.
gxh5+ Rxh5 30. Nh3 g4 31. fxg4 Rxh4 32. Bxh4 Rxh4 33. Kh2 Nh7 34. Rd3 Ng5 35.
Nd2 f3 36. Rxf3 Nxf3+ 37. Qxf3 Bh6 38. Qf5+ Kg7 39. g5 Kh8 40. gxh6 Rxh6 41. Qg4
Nf6 42. Qg5 Qh7 43. Qf5 Qf7 44. Rg3 Rh5 45. Qg6 Ng4+ 46. Qxg4 Qf2+ 47. Rg2
{Black resigns} 1-0

[Event "Team 45 45 League T72"]
[Site "Internet Chess Club"]
[Date "2017.05.06"]
[Round "8"]
[White "SAC2001"]
[Black "LittleButton"]
[Result "1/2-1/2"]
[WhiteElo "1954"]
[BlackElo "1877"]
[Opening "Sicilian: dragon, Yugoslav attack, 10.O-O-O"]
[ECO "B78"]
[Time "12:00:45"]
[TimeControl "2700+45"]

1. e4 c5 2. Nf3 d6 3. d4 cxd4 4. Nxd4 Nf6 5. Nc3 g6 6. Be3 Bg7 7. f3 O-O 8. Qd2
Nc6 9. Bc4 Bd7 10. O-O-O Ne5 11. Bb3 Rc8 12. h4 h5 13. Bh6 Bxh6 14. Qxh6 Rxc3
15. bxc3 Qa5 16. Qd2 Rc8 17. Kb2 Qc7 18. g4 a5 19. a3 a4 20. Ba2 Qb6+ 21. Ka1
Qc5 22. Kb2 hxg4 23. h5 Nxf3 24. Nxf3 Nxe4 25. Qd3 Qxc3+ 26. Qxc3 Nxc3 27. Ng5
Nxa2 28. Kxa2 Rxc2+ 29. Kb1 Bf5 30. Ka1 f6 31. Rde1 fxg5 32. Rxe7 g3 33. h6 Rh2
34. h7+ Kh8 35. Rhe1 Rxh7 36. Re8+ Kg7 37. R8e7+ Kg8 38. Re8+ Kg7 39. R8e7+ Kg8
{Game drawn by mutual agreement} 1/2-1/2

[Event "Team 45 45 League T72"]
[Site "Internet Chess Club"]
[Date "2017.05.04"]
[Round "8"]
[White "ChessHouston"]
[Black "jjimalo"]
[Result "0-1"]
[WhiteElo "1781"]
[BlackElo "1799"]
[Opening "Sicilian: Najdorf, Adams attack"]
[ECO "B90"]
[Time "11:16:10"]
[TimeControl "2700+45"]

1. e4 c5 2. Nf3 d6 3. d4 cxd4 4. Nxd4 Nf6 5. Nc3 a6 6. h3 g6 7. Bg5 Bg7 8. g4
O-O 9. Bg2 Nbd7 10. Qd2 Re8 11. O-O-O Qc7 12. f4 Rb8 13. Bf3 b5 14. h4 b4 15.
Nce2 Nc5 16. Bxf6 Bxf6 17. Kb1 a5 18. h5 a4 19. hxg6 fxg6 20. f5 e6 21. fxg6
hxg6 22. Rh6 Qg7 23. Rdh1 b3 24. c3 a3 25. bxa3 bxa2+ 26. Kxa2 Ba6 27. Nc1 Bc4+
28. Ka1 Nb3+ 29. Ncxb3 Rxb3 30. Rh8+ Kf7 31. Rxe8 Rxa3+ 32. Kb1 Kxe8 33. Qb2 Qa7
34. Rh7 Bd3+ 35. Nc2 Qg1+ 36. Qc1 Ra1+ 37. Kxa1 Qxc1+ 38. Ka2 Qxc2+ 39. Ka3
Qxc3+ 40. Ka4 Bc2+ 41. Kb5 Qxf3 42. g5 Qb3+ 43. Kc6 Bxe4+ 44. Kxd6 Qb6# {White
checkmated} 0-1

[Event "Team 45 45 League T72"]
[Site "Internet Chess Club"]
[Date "2017.05.07"]
[Round "8"]
[White "Konstantinos"]
[Black "kllrchris"]
[Result "0-1"]
[WhiteElo "1604"]
[BlackElo "1645"]
[Opening "King's Indian defense, 3.Nc3"]
[ECO "E61"]
[Time "14:03:33"]
[TimeControl "2700+45"]

1. d4 Nf6 2. c4 g6 3. Nc3 Bg7 4. Nf3 O-O 5. e3 d6 6. Be2 Nbd7 7. O-O c6 8. Re1
Re8 9. Qc2 e5 10. dxe5 dxe5 11. Ne4 Nxe4 12. Qxe4 h5 13. Rd1 Qe7 14. Bd2 a5 15.
Bc3 Nc5 16. Qc2 Bf5 17. Qc1 g5 18. Nd2 g4 19. Nb3 Ne4 20. Bxa5 Qh4 21. Be1 Qf6
22. Nd2 Ng5 23. Nf1 h4 24. Bd3 Nh3+ 25. Kh1 Bxd3 26. Rxd3 Nxf2+ 27. Bxf2 Qxf2
28. Rd2 Qf5 29. Qe1 Qg5 30. a3 Re6 31. Rad1 Bf8 32. Rd3 Rh6 33. Qe2 g3 34. h3
Rf6 35. Nd2 Qf5 36. Rf1 Qg6 37. Rxf6 Qxf6 38. Kg1 Qg6 39. Qf1 e4 40. Rd4 Re8 41.
Qf4 Bh6 42. Rxe4 Bxf4 43. Rxe8+ Kg7 44. exf4 {White resigns} 0-1

[Event "Team 45 45 League T72"]
[Site "Internet Chess Club"]
[Date "2017.05.07"]
[Round "8"]
[White "dp15"]
[Black "JJ12"]
[Result "0-1"]
[WhiteElo "2014"]
[BlackElo "2090"]
[Opening "Two knights defense (Modern bishop's opening)"]
[ECO "C55"]
[Time "18:01:42"]
[TimeControl "2700+45"]

1. e4 e5 2. Nf3 Nc6 3. Bc4 Nf6 4. d3 Be7 5. O-O O-O 6. Re1 d6 7. a4 Be6 8. Nbd2
Qd7 9. c3 Na5 10. Bxe6 fxe6 11. b4 Nc6 12. Qb3 Kh8 13. Bb2 Nh5 14. d4 exd4 15.
cxd4 a5 16. d5 Nd8 17. dxe6 Qxe6 18. Qxe6 Nxe6 19. b5 Nhf4 20. Re3 Nc5 21. Bc3
Kg8 22. g3 Ng6 23. Bd4 Ne6 24. Rc1 Rac8 25. Bc3 b6 26. Bd4 Bf6 27. Bxf6 gxf6 28.
Nb3 Ne5 29. Nfd2 Ng4 30. Rf3 Nc5 31. Nxc5 dxc5 32. Nc4 Rcd8 33. Rfc3 Rfe8 34. f3
Ne5 35. Nxe5 fxe5 36. R1c2 Rd1+ 37. Kf2 Red8 38. Rc4 Kf7 39. f4 exf4 40. gxf4
Ke6 41. R2c3 R8d2+ 42. Kg3 Rg1+ 43. Kf3 Rxh2 44. Rc2 Rh3+ 45. Kf2 Rg4 46. e5 Kf5
47. Re2 Rh2+ 48. Kf3 Rxe2 49. Kxe2 h5 50. Kf3 h4 51. Kf2 h3 52. e6 h2 53. Rc1
Kxe6 54. Rh1 Rxf4+ 55. Kg3 Rxa4 56. Rxh2 Rb4 57. Rh7 Rxb5 58. Rxc7 Kd6 59. Rf7
Rb3+ 60. Kf2 Kc6 61. Ke2 Kb5 62. Kd2 a4 63. Kc2 Rh3 64. Kb2 Kb4 65. Rf4+ c4 66.
Rf5 Rh2+ 67. Ka1 a3 68. Rf3 b5 69. Re3 Ka4 70. Rc3 Kb4 71. Rc1 Kb3 72. Rb1+ Rb2
73. Rc1 Ra2+ 74. Kb1 c3 75. Rxc3+ Kxc3 76. Kxa2 b4 77. Kb1 b3 {White resigns}
0-1

[Event "Team 45 45 League T72"]
[Site "Internet Chess Club"]
[Date "2017.05.06"]
[Round "8"]
[White "Covy"]
[Black "hood"]
[Result "1/2-1/2"]
[WhiteElo "1939"]
[BlackElo "2007"]
[Opening "Grünfeld: 5.e3"]
[ECO "D94"]
[Time "21:01:13"]
[TimeControl "2700+45"]

1. d4 Nf6 2. c4 g6 3. Nc3 d5 4. Nf3 Bg7 5. e3 O-O 6. Be2 c6 7. O-O Nbd7 8. cxd5
cxd5 9. Qb3 Nb6 10. a4 a5 11. Bd2 Ne4 12. Rfc1 Bg4 13. Be1 e6 14. Nb5 Nc8 15.
Rc7 Ng5 16. Rxb7 Nxf3+ 17. Bxf3 Bxf3 18. gxf3 Qg5+ 19. Kh1 Ne7 20. Qd1 Qh4 21.
Bc3 Nf5 22. Qg1 Rfc8 23. Rd7 Rd8 24. Rxd8+ Qxd8 25. Qg4 h5 26. Qh3 Bf8 27. Rg1
Kh7 28. Qf1 Rc8 29. Qe1 Nh4 30. Qe2 Qf6 31. f4 Qf5 32. f3 Bb4 33. Qd1 Rc4 34.
Bxb4 Rxb4 35. b3 Qf6 36. Rf1 Nf5 37. Qd3 Nh4 38. Qc3 Nf5 39. Qd3 Qh4 40. Kg2 Kg7
41. Qc3 g5 42. fxg5 Qxg5+ 43. Kf2 Qh4+ 44. Kg2 Qg5+ 45. Kf2 Qh4+ {Game drawn by
mutual agreement} 1/2-1/2

[Event "Team 45 45 League T72"]
[Site "Internet Chess Club"]
[Date "2017.05.04"]
[Round "8"]
[White "soccerisfun"]
[Black "Agarnez"]
[Result "1/2-1/2"]
[WhiteElo "1956"]
[BlackElo "1946"]
[Opening "Sicilian: O'Kelly variation"]
[ECO "B28"]
[Time "19:00:33"]
[TimeControl "2700+45"]

1. e4 c5 2. Nf3 a6 3. c4 Nc6 4. d4 cxd4 5. Nxd4 Nf6 6. Nc3 d6 7. Be2 e6 8. O-O
Be7 9. Be3 O-O 10. f4 Qc7 11. Bf3 Bd7 12. b3 Rac8 13. Qd2 Nxd4 14. Bxd4 b5 15.
cxb5 e5 16. b6 Qc6 17. fxe5 dxe5 18. Bxe5 Qxb6+ 19. Bd4 Bc5 20. Ne2 Rfe8 21.
Bxc5 Qxc5+ 22. Kh1 Bb5 23. Rfc1 Qf2 24. Rxc8 Rxc8 25. Re1 Re8 26. Rd1 Nxe4 27.
Bxe4 Rxe4 28. Ng1 Qxd2 29. Rxd2 Kf8 30. h3 Ke7 31. Nf3 Re2 32. Kg1 Rxd2 33. Nxd2
Kd6 34. Kf2 Kd5 35. Ke3 f5 36. Nf3 Bf1 37. Ne1 g5 38. Kf2 Bb5 39. Ke3 f4+ 40.
Kf3 Bd7 41. h4 h6 42. hxg5 hxg5 43. g3 fxg3 44. Kxg3 Ke4 45. Nc2 a5 46. Na3 Be6
47. Nb5 Kd3 48. Nd6 Kd4 49. Nb7 a4 50. bxa4 Bxa2 51. a5 Kd5 52. a6 Kc6 53. Kg4
Kb6 54. Kxg5 Kxa6 {Game drawn because neither player has mating material}
1/2-1/2

[Event "Team 45 45 League T72"]
[Site "Internet Chess Club"]
[Date "2017.05.07"]
[Round "8"]
[White "roji"]
[Black "joebobpop"]
[Result "0-1"]
[WhiteElo "1891"]
[BlackElo "1953"]
[Opening "Queen's pawn: London system"]
[ECO "A45"]
[Time "15:08:12"]
[TimeControl "2700+45"]

1. d4 Nf6 2. Bf4 g6 3. e3 Bg7 4. Be2 O-O 5. Nf3 d6 6. h3 Nbd7 7. c4 b6 8. Nc3
Bb7 9. O-O Ne4 10. Nxe4 Bxe4 11. Nd2 Bb7 12. Bf3 Bxf3 13. Nxf3 e5 14. Bg5 Qe8
15. Re1 c5 16. dxc5 dxc5 17. Qd6 f6 18. Bh4 e4 19. Nd2 f5 20. Rab1 Ne5 21. Re2
Rf7 22. Qd5 Kh8 23. Nxe4 fxe4 24. Qxe4 Rd7 25. Qc2 Nd3 26. e4 Nb4 27. Qc1 Nxa2
28. Qf4 Qe6 29. e5 Rd4 30. Qg3 Qxc4 31. Rbe1 Rxh4 32. b3 Qb4 33. Re3 Qf4 34. e6
Re8 {White resigns} 0-1

[Event "Team 45 45 League T72"]
[Site "Internet Chess Club"]
[Date "2017.05.07"]
[Round "8"]
[White "ascoli"]
[Black "VictorRed"]
[Result "0-1"]
[WhiteElo "1618"]
[BlackElo "1686"]
[Opening "Philidor's defense"]
[ECO "C41"]
[Time "04:56:55"]
[TimeControl "2700+45"]

1. e4 e5 2. Nf3 d6 3. d4 Bg4 4. dxe5 Bxf3 5. Qxf3 dxe5 6. Bc4 Nf6 7. Qb3 Qe7 8.
Qxb7 Qb4+ 9. Qxb4 Bxb4+ 10. c3 Bc5 11. f3 Nbd7 12. Nd2 Rb8 13. Nb3 Bb6 14. Bd2
O-O 15. O-O-O h6 16. Rhe1 a5 17. Be3 a4 18. Nd2 Nc5 19. Bb5 a3 20. b4 Ncxe4 21.
fxe4 Bxe3 22. Rxe3 Rxb5 23. Nc4 Ra8 24. h3 c5 25. Nd6 Rb6 26. bxc5 Rc6 27. Kc2
Rxc5 28. Nf5 Rb8 29. Rb1 Rcb5 30. Rxb5 Rxb5 31. Kd3 Rb2 32. Re2 Rxe2 33. Kxe2
Nxe4 34. Kd3 Nc5+ 35. Kc4 Nd7 36. Kb4 f6 37. Kxa3 Kf7 38. Kb4 Kg6 39. g4 h5 40.
a4 hxg4 41. hxg4 Kg5 42. a5 Nb8 43. Kb5 Kxg4 44. Nxg7 f5 45. Nxf5 Kxf5 46. c4 e4
47. c5 e3 48. c6 Nxc6 49. Kxc6 e2 50. a6 e1=Q 51. Kb7 Qe7+ 52. Kb8 Qd6+ 53. Kb7
Qd5+ 54. Kb8 Qb5+ 55. Ka7 Ke6 {White resigns} 0-1

[Event "Team 45 45 League T72"]
[Site "Internet Chess Club"]
[Date "2017.05.07"]
[Round "8"]
[White "Heian"]
[Black "Portola"]
[Result "0-1"]
[WhiteElo "1676"]
[BlackElo "1799"]
[Opening "French: advance, Milner-Barry gambit"]
[ECO "C02"]
[Time "19:00:49"]
[TimeControl "2700+45"]

1. e4 e6 2. d4 d5 3. e5 c5 4. c3 Nc6 5. Nf3 Qb6 6. Bd3 Bd7 7. Bc2 cxd4 8. cxd4
Nb4 9. Nc3 Nxc2+ 10. Qxc2 Qa6 11. Qe2 Qxe2+ 12. Nxe2 Bb4+ 13. Bd2 Bxd2+ 14. Nxd2
Rc8 15. Nc3 Ne7 16. O-O O-O 17. Rac1 Nf5 18. Nf3 Rc4 19. Rfd1 Rfc8 20. g4 Ne7
21. Ne2 Ng6 22. b3 R4c7 23. Rxc7 Rxc7 24. Rc1 Rxc1+ 25. Nxc1 Nf4 26. Ne1 Bb5 27.
f3 f6 28. Ng2 fxe5 29. dxe5 Nh3+ 30. Kh1 d4 31. Ne1 Nf4 32. Kg1 d3 33. Nexd3
Bxd3 34. Kf2 Bb5 35. Ke3 Nd5+ 36. Kd4 Bf1 37. Kc5 Bg2 38. Kd6 Kf7 39. Nd3 b6 40.
f4 g6 41. f5 gxf5 42. gxf5 Bh3 43. f6 Bf5 44. Nb2 Bb1 45. a3 Ba2 46. b4 Bb3 47.
Nd3 Ne3 48. Kc7 Nc4 49. Kb7 a5 50. bxa5 bxa5 51. Ka6 a4 52. Kb5 Nxa3+ 53. Kc5
Nc4 54. Kb4 Nb6 55. Nc5 Bc2 56. Kc3 Bd1 57. Kd2 Bf3 58. Ke3 Bd5 59. Kd4 a3 60.
Kc3 a2 61. Kb2 Nc4+ 62. Kxa2 Nxe5+ 63. Kb2 Kxf6 64. Kc3 Nf3 65. h3 Kg5 66. Kd3
Kf4 67. Ke2 Ng1+ 68. Kf1 Nxh3 69. Nd3+ Kf5 70. Ne1 Nf4 71. Kf2 Be4 72. Kg3 Kg5
73. Kh2 h5 74. Kg3 h4+ 75. Kh2 Kg4 76. Kg1 Kg3 77. Kf1 h3 78. Nd3 Nxd3 79. Kg1
h2+ 80. Kf1 h1=Q+ 81. Ke2 Qe1# {White checkmated} 0-1

[Event "Team 45 45 League T72"]
[Site "Internet Chess Club"]
[Date "2017.05.09"]
[Round "8"]
[White "rubo"]
[Black "QuieroAprender"]
[Result "0-1"]
[WhiteElo "1598"]
[BlackElo "1616"]
[Opening "Bird's opening"]
[ECO "A02"]
[Time "14:30:16"]
[TimeControl "2700+45"]

1. f4 b6 2. e3 Bb7 3. Nf3 f6 4. b3 c5 5. c4 d5 6. cxd5 Bxd5 7. Nc3 Bb7 8. Bb2
Nc6 9. Bb5 a6 10. Bxc6+ Bxc6 11. O-O e6 12. Qc2 Bd6 13. Ne2 Qc7 14. d4 Bb5 15.
Qe4 Qc8 16. Rf2 Bc6 17. Qc2 Qb7 18. dxc5 Bxc5 19. Ned4 Be4 20. Qc3 Kf7 21. Rc1
Ne7 22. a3 Rac8 23. Qe1 Nf5 24. Nxf5 exf5 25. Nd2 Rhe8 26. b4 Bd6 27. Rxc8 Rxc8
28. Nxe4 Qxe4 29. Qd2 Rc6 30. Bd4 b5 31. g3 Qb1+ 32. Kg2 Qe4+ 33. Kg1 Qb1+ 34.
Kg2 Qe4+ 35. Kh3 g5 36. fxg5 fxg5 37. Qa2+ Kf8 38. Bf6 g4+ 39. Kh4 Be7 40. Bxe7+
Qxe7+ 41. Kh5 Qf6 {White resigns} 0-1

[Event "Team 45 45 League T72"]
[Site "Internet Chess Club"]
[Date "2017.05.07"]
[Round "8"]
[White "armand068new"]
[Black "nosir"]
[Result "1-0"]
[WhiteElo "1557"]
[BlackElo "1432"]
[Opening "QGD Slav: 4.e3 Bf5"]
[ECO "D12"]
[Time "20:01:21"]
[TimeControl "2700+45"]

1. d4 d5 2. e3 c6 3. c4 Nf6 4. Nf3 Bf5 5. Nc3 dxc4 6. Bxc4 b5 7. Be2 g6 8. Bd2
Bg7 9. a3 Nbd7 10. O-O O-O 11. Rc1 a6 12. Nh4 e6 13. Nxf5 exf5 14. Bf3 Rc8 15.
Na2 Ne4 16. Nb4 Qb6 17. Nd3 Nxd2 18. Qxd2 Rfd8 19. b4 Nf6 20. Qa2 Ne4 21. Bxe4
fxe4 22. Nc5 Re8 23. Rc3 Bf8 24. Rfc1 Bxc5 25. Rxc5 Re6 26. d5 Rd6 27. Qc2 f5
28. dxc6 Qc7 29. a4 Qb6 30. axb5 axb5 31. g4 Rf6 32. gxf5 gxf5 33. Kh1 Rc7 34.
Qa2+ Kf8 35. Qa8+ Kg7 36. Rg1+ Rg6 37. Rxf5 Rxg1+ 38. Kxg1 Qxc6 39. Qxc6 Rxc6
40. Rxb5 Kf6 41. Kg2 Kg6 42. Rc5 Re6 43. b5 Kf7 44. Rc7+ Kg6 45. Rc6 Kf7 46.
Rxe6 Kxe6 47. Kg3 {Black resigns} 1-0

[Event "Team 45 45 League T72"]
[Site "Internet Chess Club"]
[Date "2017.05.09"]
[Round "8"]
[White "Littlemon"]
[Black "Goli"]
[Result "0-1"]
[WhiteElo "1579"]
[BlackElo "1825"]
[Opening "King's Indian: 4.e4"]
[ECO "E70"]
[Time "16:30:32"]
[TimeControl "2700+45"]

1. d4 Nf6 2. c4 g6 3. Nc3 Bg7 4. e4 d6 5. Bd3 O-O 6. Nge2 c5 7. d5 e6 8. O-O
exd5 9. exd5 Nbd7 10. f4 a6 11. h3 Re8 12. Qc2 b6 13. Bd2 Ra7 14. Rae1 Nf8 15.
Ng3 Rae7 16. f5 Rxe1 17. Rxe1 Rxe1+ 18. Bxe1 N6d7 19. Qe2 Ne5 20. Bb1 Qe7 21.
fxg6 hxg6 22. Nge4 Nh7 23. Kh1 f5 24. Nd2 Bd7 25. Nf3 Qe8 26. Nxe5 Bxe5 27. Bd3
Nf6 28. b3 Nh5 29. Qf3 Kg7 30. Ne2 b5 31. Ng3 Nf4 32. Ne2 Nxd3 33. Qxd3 bxc4 34.
bxc4 f4 35. Bc3 Bf5 36. Qf3 g5 37. h4 Bxc3 38. Qxc3+ Kg6 39. hxg5 Kxg5 40. Qf3
Qe4 41. Qxe4 Bxe4 42. Nc1 Kf5 43. Nb3 Bb1 44. a3 Ba2 45. Na5 Ke5 46. Kh2 Kd4 47.
Kh3 Bxc4 48. Nxc4 Kxc4 49. Kg4 Kxd5 50. Kxf4 c4 51. Ke3 Ke5 52. a4 a5 53. g3 d5
54. g4 d4+ 55. Kd2 Kf4 56. Kc2 Kxg4 57. Kd2 Kf3 58. Kc2 Ke2 59. Kc1 d3 60. Kb2
d2 61. Ka3 d1=Q 62. Kb2 Qb3+ 63. Kc1 Qxa4 64. Kb1 c3 65. Kc1 Kd3 66. Kb1 Qc2+
67. Ka1 Qb2# {White checkmated} 0-1

[Event "Team 45 45 League T72"]
[Site "Internet Chess Club"]
[Date "2017.05.07"]
[Round "8"]
[White "Egmont"]
[Black "moodle"]
[Result "1-0"]
[WhiteElo "1702"]
[BlackElo "1623"]
[Opening "QGD: exchange, positional line"]
[ECO "D35"]
[Time "11:00:23"]
[TimeControl "2700+45"]

1. d4 d5 2. c4 e6 3. Nc3 Nf6 4. cxd5 exd5 5. Bg5 Be7 6. e3 c6 7. Bd3 O-O 8. Nge2
Nbd7 9. O-O Re8 10. Rb1 Nf8 11. b4 Bd6 12. Bf4 Bg4 13. Bxd6 Qxd6 14. Qc2 Re7 15.
Ng3 Ng6 16. Bf5 Nh4 17. Rfc1 Nxf5 18. Nxf5 Bxf5 19. Qxf5 Rc7 20. b5 Re8 21. bxc6
Qxc6 22. h3 Ree7 23. Qd3 Kf8 24. Nb5 Qxc1+ 25. Rxc1 Rxc1+ 26. Kh2 Rc6 27. a4 a6
28. Nc3 Rec7 29. Ne2 Rc2 30. f3 Ra2 31. Nf4 Rxa4 32. Qb3 Rac4 33. Qa3+ Re7 34.
Qd6 Ne8 35. Qxd5 b5 36. e4 Nc7 37. Qd6 Ke8 38. d5 Rd7 39. Qe5+ Kf8 40. Qf5 Rd6
41. Qxh7 Rh6 42. Qf5 Rf6 43. Qe5 Rc5 44. Nd3 Rc4 45. d6 Ne6 46. Qd5 Kg8 47. d7
Rd4 48. Qxd4 {Black resigns} 1-0

[Event "Team 45 45 League T72"]
[Site "Internet Chess Club"]
[Date "2017.05.06"]
[Round "8"]
[White "Srijan13"]
[Black "julesraider"]
[Result "1-0"]
[WhiteElo "1481"]
[BlackElo "1618"]
[Opening "King's Indian: Sämisch, 6...Nc6"]
[ECO "E83"]
[Time "17:00:07"]
[TimeControl "2700+45"]

1. d4 Nf6 2. c4 g6 3. Nc3 Bg7 4. e4 d6 5. f3 O-O 6. Be3 Nc6 7. Bd3 a6 8. Nge2
Rb8 9. a4 e5 10. d5 Nd4 11. Nxd4 exd4 12. Bxd4 Nxe4 13. Bxe4 Qh4+ 14. Bf2 Qg5
15. O-O Bh3 16. f4 Qxf4 17. Qf3 Qxf3 18. Bxf3 Bd7 19. a5 f5 20. Rad1 Rfe8 21.
Rfe1 b5 22. cxb5 axb5 23. a6 b4 24. a7 Ra8 25. Rxe8+ Bxe8 26. Na2 Ba4 27. Rd2
Bh6 28. Re2 b3 29. Nc3 Bd7 30. Re7 Bc8 31. Rxc7 Bc1 32. Bd1 Bxb2 33. Bxb3 Ba3
34. Ba4 Bc5 35. Bxc5 dxc5 36. Bc6 {Black resigns} 1-0

[Event "Team 45 45 League T72"]
[Site "Internet Chess Club"]
[Date "2017.05.06"]
[Round "8"]
[White "losscause"]
[Black "MasterD"]
[Result "0-1"]
[WhiteElo "1437"]
[BlackElo "1539"]
[Opening "Queen's pawn: Torre attack"]
[ECO "A46"]
[Time "20:00:28"]
[TimeControl "2700+45"]

1. d4 Nf6 2. Nf3 e6 3. Bg5 b6 4. Nbd2 Bb7 5. Bxf6 Qxf6 6. c3 d5 7. e3 c5 8. Be2
Nd7 9. O-O Bd6 10. Re1 O-O 11. Bd3 e5 12. dxe5 Nxe5 13. Nxe5 Qxe5 14. f4 Qe6 15.
Qh5 h6 16. Qf5 Qxf5 17. Bxf5 Rfe8 18. g3 Re7 19. e4 dxe4 20. Bxe4 Rae8 21. Kf2
Bxe4 {White resigns} 0-1

[Event "Team 45 45 League T72"]
[Site "Internet Chess Club"]
[Date "2017.05.05"]
[Round "8"]
[White "drsigmund1"]
[Black "guyd52"]
[Result "0-1"]
[WhiteElo "1395"]
[BlackElo "1336"]
[Opening "Queen's pawn, Mason variation"]
[ECO "D00"]
[Time "19:00:26"]
[TimeControl "2700+45"]

1. d4 d5 2. Bf4 g6 3. Nc3 Bg7 4. Qd2 Bf5 5. Nf3 Nd7 6. Nb5 e5 7. dxe5 c6 8. Nd6+
Kf8 9. Ng5 Nh6 10. h4 Nxe5 11. Nxf5 Nxf5 12. O-O-O Qb6 13. e4 Nc4 14. Bd6+ Nfxd6
15. Ne6+ Kg8 {White resigns} 0-1

[Event "Team 45 45 League T72"]
[Site "Internet Chess Club"]
[Date "2017.05.07"]
[Round "8"]
[White "liujf"]
[Black "dabodhi"]
[Result "0-1"]
[WhiteElo "1598"]
[BlackElo "1307"]
[Opening "French: Tarrasch, open variation"]
[ECO "C07"]
[Time "20:02:59"]
[TimeControl "2700+45"]

1. e4 e6 2. d4 d5 3. Nd2 c5 4. exd5 Qxd5 5. Ngf3 cxd4 6. Bc4 Qd6 7. O-O Nf6 8.
Re1 Nc6 9. Nb3 a6 10. Nbxd4 Nxd4 11. Nxd4 Qc7 12. Bb3 Bd6 13. h3 O-O 14. Bg5 Be7
15. c3 b5 16. Bc2 Bb7 17. Qd3 g6 18. Rad1 Nh5 19. Bxe7 Qxe7 20. Qe2 Nf4 21. Qg4
Nxg2 22. Rf1 Nh4 23. Kh2 Qd6+ 24. f4 Qe7 25. Kg3 Nf5+ 26. Bxf5 exf5 27. Nxf5 Qe4
28. Nh4 Bc8 29. Qg5 Qe3+ 30. Nf3 Bb7 31. Rde1 Qd3 32. h4 Rae8 33. Rd1 Qe3 34.
Qg4 Bc8 35. Qg5 Qe6 36. Rh1 Bb7 37. Rhe1 Qc6 38. Nd4 Qg2# {White checkmated} 0-1

[Event "Team 45 45 League T72"]
[Site "Internet Chess Club"]
[Date "2017.05.05"]
[Round "8"]
[White "Just-Jim"]
[Black "chips"]
[Result "1/2-1/2"]
[WhiteElo "1279"]
[BlackElo "1196"]
[Opening "Queen's pawn game"]
[ECO "D05"]
[Time "20:05:37"]
[TimeControl "2700+45"]

1. d4 d5 2. e3 e6 3. Nf3 Nf6 4. Ne5 g6 5. Be2 Bg7 6. O-O O-O 7. Bd2 Ne4 8. Bb4
Re8 9. f3 Nf6 10. g4 h6 11. h4 b6 12. Bb5 Bd7 13. Bd3 a5 14. Ba3 b5 15. c3 Bf8
16. Bxf8 Rxf8 17. Qe2 c6 18. Qg2 Nh7 19. g5 hxg5 20. hxg5 Qxg5 21. Qxg5 Nxg5 22.
Kh2 Nh7 23. Rg1 Nf6 24. Bxg6 fxg6 25. Nxg6 Rf7 26. Ne5+ Kf8 27. Nxf7 Kxf7 28.
Nd2 Na6 29. e4 Rh8+ 30. Kg2 Rg8+ 31. Kf2 Rh8 32. e5 Rh2+ 33. Rg2 Rxg2+ 34. Kxg2
Nh5 35. Kf2 Nf4 36. Rh1 Kg7 37. Rh4 Nd3+ 38. Ke3 Nxb2 39. Nb3 Nc4+ 40. Ke2 Be8
41. Nc1 Bg6 42. Rg4 b4 43. Nd3 bxc3 44. Nf4 c2 45. Rxg6+ Kh7 46. Rg1 Nb4 47.
Nxe6 Nxa2 48. Ng5+ Kg6 49. Ne6+ Kf7 50. Nc5 c1=Q 51. Rxc1 Nxc1+ 52. Kd1 Na2 53.
f4 Ne3+ 54. Ke2 Nf5 55. Kd3 Nb4+ 56. Kc3 Na2+ 57. Kb2 Nb4 58. Kc3 Na2+ 59. Kb3
Nb4 60. Kc3 Na2+ 61. Kb2 Nb4 62. Kc3 Na2+ 63. Kb2 Nb4 64. Kc3 {Game drawn by
repetition} 1/2-1/2

[Event "Team 45 45 League T72"]
[Site "Internet Chess Club"]
[Date "2017.05.04"]
[Round "8"]
[White "idjit"]
[Black "Barnabe"]
[Result "0-1"]
[WhiteElo "1589"]
[BlackElo "1724"]
[Opening "Alekhine's defense: Balogh variation"]
[ECO "B03"]
[Time "17:00:19"]
[TimeControl "2700+45"]

1. e4 Nf6 2. e5 Nd5 3. d4 d6 4. Bc4 Nb6 5. Bb3 Bf5 6. Qf3 Qc8 7. Ne2 e6 8. Ng3
Bg6 9. Nd2 d5 10. h4 h5 11. Qe3 Be7 12. Nf3 N8d7 13. Bd2 c5 14. c3 c4 15. Bd1 a5
16. Ng5 Qd8 17. Be2 a4 18. a3 Nb8 19. f4 Nc6 20. Rf1 Qd7 21. Qf3 Na5 22. f5 exf5
23. Nxf5 O-O 24. g4 Nb3 25. gxh5 Bxf5 {White resigns} 0-1

[Event "Team 45 45 League T72"]
[Site "Internet Chess Club"]
[Date "2017.05.06"]
[Round "8"]
[White "mongmong"]
[Black "crazyhorses"]
[Result "0-1"]
[WhiteElo "1501"]
[BlackElo "1352"]
[Opening "Colle system"]
[ECO "D05"]
[Time "13:02:07"]
[TimeControl "2700+45"]

1. d4 d5 2. Nf3 Nf6 3. e3 e6 4. Bd3 c5 5. c3 Nc6 6. Nbd2 Bd6 7. Qe2 O-O 8. dxc5
Bxc5 9. e4 Be7 10. e5 Nd7 11. O-O Qc7 12. Re1 b6 13. Nf1 Bb7 14. h3 Rad8 15.
N1h2 Nc5 16. Bc2 d4 17. cxd4 Nxd4 18. Nxd4 Rxd4 19. Be3 Qc6 20. f3 Rd7 21. Rac1
a5 22. a3 a4 23. Qc4 Ba6 24. Qf4 Qb5 25. Qg3 g6 26. Ng4 Nd3 27. Bxd3 Qxd3 28.
Bxb6 Rb8 29. Bc5 Bxc5+ 30. Rxc5 Qd4+ 31. Qf2 Qxf2+ 32. Kxf2 Rxb2+ 33. Kg3 Rdd2
34. Nf6+ Kg7 35. Rg1 h5 36. Ra5 Bb5 37. Ne4 h4+ 38. Kh2 Rdc2 39. Ra7 Bf1 40. Nd6
Bxg2 41. Rxf7+ Kh6 42. Rxg2 Rxg2+ 43. Kh1 Rgd2 {White resigns} 0-1